 Dungeon Crawl Stone Soup version 0.18-a0-1554-g49b38aa (webtiles) character file.

2448 Psiweapon the Changer (level 9, 0/67 HPs)
             Began as a Minotaur Transmuter on Mar 11, 2016.
             Was a High Priest of Cheibriados.
             Slain by a hill giant
             ... wielding a cursed -2 giant club
              (14 damage)
             ... on level 8 of the Dungeon on Mar 12, 2016.
             The game lasted 00:36:38 (7461 turns).

Psiweapon the Changer (Minotaur Transmuter)         Turns: 7461, Time: 00:36:38

Health: 0/67       AC:  6    Str: 31    XL:     9   Next: 25%
Magic:  13/16      EV: 15    Int: 25    God:    Cheibriados [*****.]
Gold:   497        SH:  0    Dex: 27    Spells: 2 memorised, 14 levels left

rFire  + . .     SeeInvis .       - Unarmed
rCold  . . .     Gourm    .     U - +3 leather armour
rNeg   . . .     Faith    .     (no shield)
rPois  .         Spirit   .     (helmet restricted)
rElec  .         Dismiss  .     (no cloak)
rCorr  .         Reflect  .     (no gloves)
SustAt .         Harm     .     (no boots)
MR     .....                    (no amulet)
Stlth  +++.......               M - ring of protection from fire
                                B - ring of stealth

@: about to teleport, very slow, not resistant to hostile enchantments, fairly
stealthy
A: retaliatory headbutt, horns 2, strong 1
a: Bend Time, Temporal Distortion, Slouch, Step From Time, Renounce Religion


You were on level 8 of the Dungeon.
You worshipped Cheibriados.
Cheibriados was extremely pleased with you.
You were not hungry.

You visited 2 branches of the dungeon, and saw 9 of its levels.
You also visited: Sewer.

You collected 497 gold pieces.

Inventory:

Hand Weapons
 n - a +0 halberd
 r - a +2 hand axe of venom
 s - a cursed -2 whip
 C - a +2 war axe of chopping
 D - a +1 dagger of chaos
 E - a +2 mace of protection
 J - a +0 quarterstaff
 O - the +7 great mace "Firestarter" {inner flame, rF++}
   (You found it in a sewer)

   It has been specially enchanted to burn those struck by it, causing extra
   injury to most foes and up to half again as much damage against particularly
   susceptible opponents.
   It greatly protects you from fire.
 T - a +3 whip
Missiles
 a - 179 arrows
 j - a throwing net
 m - 240 stones (quivered)
 w - 4 steel tomahawks
 y - 25 bolts
 Q - 2 poisoned tomahawks
 S - 11 arrows of frost
Armour
 b - a +0 robe
 e - a +0 animal skin
 t - a +2 robe of positive energy
 N - a troll hide {Purgy}
 U - a +3 leather armour (worn)
Jewellery
 l - an uncursed amulet of harm
 B - a ring of stealth (left hand)
 M - a ring of protection from fire (right hand)
Wands
 f - a wand of paralysis (0/24)
 G - a wand of enslavement (14/24)
 K - a wand of confusion (22/48)
Scrolls
 g - 4 scrolls of teleportation
 h - 6 scrolls of remove curse {unknown}
 i - 5 scrolls of identify
 x - 4 scrolls of recharging
 A - 4 scrolls of immolation {unknown}
 I - 3 scrolls of amnesia {unknown}
 R - a scroll of enchant weapon
Potions
 v - a potion of cancellation
 z - a potion of flight
 F - a potion of brilliance {unknown}
 H - 3 potions of curing {unknown}
 L - a potion of heal wounds
 P - a potion of haste
Books
 c - a book of Changes

   Spells                             Type                      Level
   a - Beastly Appendage              Transmutation                1
   b - Sticks to Snakes               Transmutation                2
   c - Spider Form                    Transmutation/Poison         3
   d - Ice Form                       Ice/Transmutation            4
   e - Blade Hands                    Transmutation                5
 q - a book of Transfigurations

   Spells                             Type                      Level
   a - Irradiate                      Conjuration/Transmutation    5
   b - Statue Form                    Transmutation/Earth          6
   c - Hydra Form                     Transmutation                6
   d - Dragon Form                    Transmutation                7
Comestibles
 d - 7 bread rations
 k - 3 slices of pizza
 o - 2 fruits
 p - 4 meat rations
 u - a beef jerky


   Skills:
 - Level 2.1 Fighting
 + Level 2.6 Maces & Flails
 - Level 1.1 Throwing
 - Level 3.4 Dodging
 - Level 1.3 Stealth
 - Level 5.2 Unarmed Combat
 + Level 5.6 Spellcasting
 + Level 6.1 Transmutations
 + Level 0.4 Ice Magic
 - Level 0.2 Invocations
 + Level 2.0 Evocations


You had 14 spell levels left.
You knew the following spells:

 Your Spells              Type           Power        Failure   Level  Hunger
a - Beastly Appendage     Trmt           #####.       1%          1    None
b - Ice Form              Ice/Trmt       ###.....     24%         4    ###....


Dungeon Overview and Level Annotations

Branches:
Dungeon (8/15)             Temple (1/1) D:4
   Lair: D:8-11

Altars:
Ashenzari
Cheibriados
Dithmenos
Elyvilon
Gozag
Nemelex Xobeh
Okawaru
Pakellas
Qazlal
Ru
Sif Muna
Trog
Xom
Yredelemnul
Zin
The Shining One

Shops:
D:4 [   D:5 [

Annotations:
D:3 exclusion: 2 doors


Innate Abilities, Weirdness & Mutations

You reflexively headbutt those who attack you in melee.
You have a pair of horns on your head.
Your muscles are strong. (Str +2)


Message History

The flow of time bends around you.
The hill giant resists with some effort.
You feel slightly more hungry.
The hill giant hits you with a giant club!!
The hill giant closely misses you. The jelly barely misses you.
You furiously retaliate!
You headbutt the jelly!
Wield which item (- for none, * to show all)? (? for menu, Esc to quit)
Okay, then.
Read which item? (? for menu, Esc to quit)
As you read the scroll of teleportation, it crumbles to dust.
You feel strangely unstable.
The hill giant hits you with a giant club!!
* * * LOW HITPOINT WARNING * * *
The jelly barely misses you. The orc barely misses you.
Wield which item (- for none, * to show all)? (? for menu, Esc to quit)
Okay, then.
You punch the hill giant!
The hill giant is lightly wounded.
The hill giant hits you with a giant club!
You die...

### ## ..# .. #.#
###. #.# #.. #.#
#.# #.###.##
##.#<...C.#.#.##
..........@J....(..
..................#
#####.#.##o.##)##.#
.........# ..
............ #.#
.............# #
..............
oo.......#


You could see a hill giant, a jelly and an orc.

Vanquished Creatures
  Purgy (Sewer)
  3 ice beasts
  2 orc warriors
  5 ogres
  2 centaurs
  A water moccasin zombie (D:3)
  2 scorpions
  4 killer bees (D:7)
  3 crimson imps (D:4)
  A giant frog zombie (D:6)
  A centaur zombie (D:5)
  2 centaur skeletons
  A gnoll shaman (D:6)
  An orc priest (D:7)
  2 hounds (D:4)
  3 orc wizards
  Jessica (D:2)
  A worker ant (D:6)
  A killer bee zombie (D:6)
  A hound skeleton (D:6)
  A worker ant zombie (D:6)
  Robin (D:2)
  12 gnolls
  16 adders
  2 river rats (D:6)
  2 oozes
  An adder skeleton (D:6)
  2 worms
  3 dart slugs (D:2)
  4 giant geckos
  24 orcs
  4 ball pythons
  5 giant cockroaches
  12 goblins
  11 hobgoblins
  9 jackals
  A quokka (D:2)
  14 bats
  2 giant cockroach zombies (D:6)
  6 giant newts
  9 kobolds
  A quokka skeleton (D:7)
  A quokka zombie (D:5)
  9 rats
190 creatures vanquished.

Notes
Turn   | Place    | Note
--------------------------------------------------------------
     0 | D:1      | Psiweapon the Minotaur Transmuter began the quest for the Orb.
     0 | D:1      | Reached XP level 1. HP: 16/16 MP: 1/1
   140 | D:1      | Reached XP level 2. HP: 20/23 MP: 3/3
   290 | D:4      | Found a snail-covered altar of Cheibriados.
   295 | D:4      | Became a worshipper of Cheibriados the Contemplative
   304 | D:4      | Reached XP level 3. HP: 3/29 MP: 2/4
  1189 | D:2      | Reached * piety under Cheibriados
  1253 | D:2      | Reached skill level 2 in Transmutations
  1302 | D:2      | Found a faded altar to an unknown god.
  1464 | D:2      | Reached XP level 4. HP: 32/36 MP: 3/5
  1572 | D:2      | Found a bloodstained altar of Trog.
  1590 | D:2      | Gained mutation: Your muscles are strong. (Str +2) [potion of beneficial mutation]
  1881 | D:2      | Noticed Robin
  1892 | D:2      | Reached ** piety under Cheibriados
  1898 | D:2      | Killed Robin
  2119 | D:2      | Noticed Jessica
  2124 | D:2      | Killed Jessica
  2124 | D:2      | Reached XP level 5. HP: 37/41 MP: 6/6
  2382 | D:2      | Reached skill level 5 in Unarmed Combat
  2571 | D:3      | Noticed an ice beast
  2639 | D:3      | Reached *** piety under Cheibriados
  2641 | D:3      | Reached skill level 1 in Stealth
  3016 | D:3      | Found a glowing golden altar of the Shining One.
  3088 | D:5      | Entered Level 5 of the Dungeon
  3202 | D:3      | Found a shadowy altar of Dithmenos.
  3215 | D:3      | Reached skill level 1 in Throwing
  3253 | D:3      | Reached XP level 6. HP: 33/48 MP: 5/7
  3612 | D:3      | Killed an ice beast
  3620 | D:3      | Reached skill level 3 in Transmutations
  4117 | D:4      | Found a sacrificial altar of Ru.
  4129 | D:4      | Found a staircase to the Ecumenical Temple.
  4145 | Temple   | Entered the Ecumenical Temple
  4261 | D:4      | Found Ugri's Armour Emporium.
  4305 | D:4      | Reached XP level 7. HP: 55/55 MP: 8/10
  4445 | D:4      | Reached **** piety under Cheibriados
  4458 | D:4      | Found a shimmering altar of Xom.
  4556 | D:4      | Reached skill level 4 in Transmutations
  4792 | D:4      | Reached skill level 1 in Evocations
  4928 | D:4      | Reached XP level 8. HP: 56/61 MP: 11/13
  4935 | D:4      | Learned a level 4 spell: Ice Form
  5039 | D:5      | Found Ovirawkups's Antique Armour Shoppe.
  5340 | D:6      | Found a glowing drain.
  5371 | Sewer    | Entered a sewer
  5383 | Sewer    | Reached ***** piety under Cheibriados
  5424 | Sewer    | Noticed Purgy
  5436 | Sewer    | Killed Purgy
  5565 | D:6      | Found a basalt altar of Yredelemnul.
  5566 | D:6      | Found a glowing silver altar of Zin.
  5699 | D:6      | Reached skill level 5 in Transmutations
  6089 | D:6      | Reached skill level 5 in Spellcasting
  6091 | D:6      | Reached skill level 1 in Maces & Flails
  6276 | D:7      | Found an iron altar of Okawaru.
  6461 | D:7      | Found an oddly glowing altar of Pakellas.
  6796 | D:7      | Found a sparkling altar of Nemelex Xobeh.
  7031 | D:7      | Reached XP level 9. HP: 67/67 MP: 11/15
  7187 | D:7      | Reached skill level 6 in Transmutations
  7456 | D:8      | Noticed a hill giant
  7461 | D:8      | Slain by a hill giant

Vault maps used:
D:1:      erik_arrival_triangle_small
D:2:      lemuel_round_altar, ecumenical_altar_2, uniq_jessica, uniq_robin
D:3:      kennysheep_big_flooded_room, overflow_temple_1_default,
          lemuel_doored_altar, serial_bayou_lagoon_a
D:4:      cheibriados_altar_1, hangedman_ru_absence, led_xom_imps,
          minmay_temple_entry_statues_fountains, serial_shops,
          nicolae_shop_waterfront, minmay_misc_feat_hallway
D:5:      first_bread, serial_shops, kennysheep_mini_moat, uniq_eustachio
D:6:      grunt_temple_overflow_open, serial_undead, serial_undead_c,
          serial_undead_b, serial_undead_c, serial_undead_f,
          portal_sewer_entry_c, lightli_orcish_oven
D:7:      kennysheep_little_box, marbit_many_paths, basic_altar
D:8:      grunt_temple_overflow_growth_and_decay, makhleb_heckhound_becter
Temple:   circular_temple_6
Sewer:    sewer_big_baddie

Skill      XL: |  1  2  3  4  5  6  7  8  9 |
---------------+----------------------------+-----
Unarmed Combat | 4 5 |  5.2
Transmutations | 2 3 4 5 6 |  6.1
Fighting       | 2 |  2.1
Dodging        | 3 |  3.4
Stealth        | 1 |  1.3
Throwing       | 1 |  1.1
Spellcasting   | 2 4 5 |  5.6
Evocations     | 1 2 |  2.0
Maces & Flails | 2 |  2.6
Ice Magic      | |  0.4
Invocations    | |  0.2

Action                   |  1- 3 |  4- 6 |  7- 9 || total
-------------------------+-------+-------+-------++-------
Melee: Unarmed           |    83 |   145 |   179 ||   407
       Great mace        |       |       |    10 ||    10
Throw: Stone             |     2 |    24 |     5 ||    31
 Cast: Beastly Appendage |    13 |    16 |     9 ||    38
       Ice Form          |       |       |     3 ||     3
Invok: Bend Time         |       |     1 |     2 ||     3
Evoke: Wand              |       |     1 |     3 ||     4
  Use: Scroll            |     2 |       |     4 ||     6
       Potion            |       |     7 |       ||     7
 Stab: Sleeping          |       |     4 |     9 ||    13
       Distracted        |       |     1 |       ||     1
       Paralysed         |       |     3 |       ||     3
  Eat: Chunk             |     2 |     4 |     6 ||    12
       Fruit             |       |     1 |       ||     1
